 Dungeon Crawl Stone Soup version 0.27-a0-773-gaaee5cf45b (webtiles) character file.

Game seed: 7233994964368981843

2 snetch the Vexing (level 1, -1/7 HPs)
             Began as a Felid Enchanter on Mar 25, 2021.
             Slain by a quokka (3 damage)
             ... on level 1 of the Dungeon.
             The game lasted 00:01:16 (385 turns).

snetch the Vexing (Felid Enchanter)                  Turns: 385, Time: 00:01:17

Health: -1/7       AC:  1    Str:  4    XL:     1   Next: 33%
Magic:  3/4        EV: 17    Int: 16    God:
Gold:   44         SH:  0    Dex: 16    Spells: 3/4 levels left
                                        Lives:  0   Deaths: 0

rFire    . . .     SeeInvis +     - Unarmed
rCold    . . .     Faith    .   (shield unavailable)
rNeg     . . .     Spirit   .   (armour unavailable)
rPois    .         Reflect  .   (helmet unavailable)
rElec    .         Harm     .   (cloak unavailable)
rCorr    .         Rampage  .   (gloves unavailable)
Will     .....                  (boots unavailable)
Stlth    +++.......             (no amulet)
HPRegen  0.02/turn              (no ring)
MPRegen  0.09/turn              (no ring)

@: quick
A: very small, claws 1, fangs 3, see invisible, speed 1, shaggy fur 1, stealthy
paws, no weapons or thrown items, no armour, multi-lived
a: no special abilities


You were on level 1 of the Dungeon.
You visited 1 branch of the dungeon, and saw 3 of its levels.

You collected 44 gold pieces.

Inventory:

Potions
 a - a potion of brilliance {unknown}


   Skills:
 * Level 2.6 Dodging
 * Level 4.2 Stealth
 + Level 1.1 Unarmed Combat
 + Level 2.0 Spellcasting
 + Level 4.4 Hexes


You had 3 spell levels left.
You knew the following spells:

 Your Spells              Type           Power      Damage    Failure   Level
a - Corona                Hex            16%        N/A       3%          1

Your spell library contained the following spells:

 Spells                   Type           Power      Damage    Failure   Level
 Confusing Touch          Hex            15%        N/A       11%         3
 Tukima's Dance           Hex            15%        N/A       11%         3
 Ensorcelled Hibernation  Hex/Ice        16%        N/A       13%         2
 Dazzling Flash           Conj/Hex       16%        N/A       26%         3
 Gell's Gravitas          Tloc           0%         N/A       52%         3
 Petrify                  Tmut/Erth      1%         N/A       90%         4
 Metabolic Englaciation   Hex/Ice        4%         N/A       93%         5
 Yara's Violent Unravell  Hex/Tmut       4%         3d4       93%         5


Dungeon Overview and Level Annotations

Branches:
Dungeon (3/15)

Altars:


Innate Abilities, Weirdness & Mutations

You have sharp claws.
You have razor-sharp teeth.
You have supernaturally acute eyesight. (SInv)
You cover ground quickly. (Speed+)
You are covered in fur. (AC +1)
Your stealthy paws help you sneak and pounce on unaware monsters.
You are incapable of wielding weapons or throwing items.
You cannot wear armour.
You gain extra lives every three experience levels.


Message History

There is an open door here.
You open the door.
Found 20 arrows.
There is an open door here.
You open the door.
A bat comes into view.
A quokka comes into view.
There is an open door here.
The bat barely misses you. The bat misses you. The bat barely misses you.
Casting: Corona (safe; 3% risk of failure)
Confirm with . or Enter, or press ? or * to list all spells.
Aiming: Corona (safe; 3% risk of failure)
Press: ? - help, Shift-Dir - straight line, f - bat
Aim: a bat (chance to affect: 69%)
The bat is outlined in light.
You completely miss the bat. The bat closely misses you.
You scratch the bat but do no damage. The bat closely misses you.
The bat closely misses you. The bat completely misses you. The bat misses you.
The bat hits you. The bat closely misses you.
You scratch the bat. Your bite misses the bat.
The bat is severely wounded.
The bat hits you. The quokka closely misses you.
Casting: Corona (safe; 3% risk of failure)
Confirm with . or Enter, or press ? or * to list all spells.
Aiming: Corona (safe; 3% risk of failure)
Press: ? - help, Shift-Dir - straight line, f - quokka, p - bat
Aim: a quokka (chance to affect: 69%)
The quokka is outlined in light.
The bat hits you. The quokka barely misses you.
You closely miss the quokka. The bat completely misses you.
The quokka bites you.
* * * LOW HITPOINT WARNING * * *
The bat stops glowing.
You scratch the quokka. Your bite misses the quokka.
The quokka is moderately wounded.
The quokka bites you.
You die...

#.### #...# ..#..
##... ##...## #.#
#.....# #.# #.b.# #.#
#r# #.# #@# #.# #.#
#.# ##'## #.# ##...##
###.# ##.....## #...#
##.......#
#####...####.........#
...........'.........+
#.........##.........#


You could see a quokka (corona) and a bat.

Vanquished Creatures
  A hobgoblin (D:1)
  A bat (D:1)
  A kobold (D:1)
3 creatures vanquished.

Notes
Turn   | Place    | Note
-------+----------+-------------------------------------------
     0 | D:1      | snetch the Felid Enchanter began the quest for the Orb.
     0 | D:1      | Reached XP level 1. HP: 7/7 MP: 4/4
   385 | D:1      | Slain by a quokka

Illustrated notes

Levels and vault maps discovered:
D:1:      lemuel_arrival_hallway, layout_loops_corners
D:2:      kennysheep_big_flooded_room, layout_loops_cross,
          grunt_decor_resistance
D:3:      layout_loops_ring, grunt_temple_overflow_open, nrook_mini_vaults,
          uniq_sigmund

Action                   || total
-------------------------++-------
Melee: Unarmed           ||    10
 Cast: Corona            ||     3
 Stab: Sleeping          ||     2
Dodge: Dodged            ||    16

Table legend: (Time is in decaauts)
 A = Elapsed time spent in this place.
 B = Non-inter-level travel time spent in this place.
 C = Inter-level travel time spent in this place.
 D = Time resting spent in this place.
 E = Time spent auto-exploring this place.
 F = Levels seen in this place.
 G = Mean time per level.
                   A        B        C        D        E       F      G
               +--------+--------+--------+--------+--------+-----+--------+
         Total |    316 |    316 |      0 |      0 |    228 |   3 |  105.3 |
       Dungeon |    316 |    316 |      0 |      0 |    228 |   3 |  105.3 |
               +--------+--------+--------+--------+--------+-----+--------+

Top non-repeatable levels by time:
     D:1: 288 daAuts
     D:2: 19 daAuts
     D:3: 8 daAuts
